 Dungeon Crawl Stone Soup version 0.24.0-123-gd5b16e6ec5 (webtiles) character file.

Game seed: 6168593937477166714, levelgen mode: deterministic

1561 Bergy the Basher (level 8, 0/46 HPs)
             Began as a Gargoyle Fighter on Dec 28, 2019.
             Was a Believer of Makhleb.
             Slain by a centaur (3 damage)
             ... on level 6 of the Dungeon.
             The game lasted 00:12:58 (6143 turns).

Bergy the Basher (Gargoyle Fighter)                 Turns: 6143, Time: 00:12:58

Health: 0/46       AC: 12    Str: 23    XL:     8   Next: 89%
Magic:  8/8        EV: 12    Int:  8    God:    Makhleb [**....]
Gold:   282        SH: 10    Dex: 14    Spells: 7/7 levels left

rFire    + . .     SeeInvis .   x - +2 whip (venom)
rCold    + . .     Gourm    .   c - +0 shield
rNeg     + + .     Faith    .   b - +0 scale mail
rPois    ∞         Spirit   .   (no helmet)
rElec    +         Reflect  .   h - scarf {rC+ rF+}
rCorr    .         Harm     .   (no gloves)
MR       .....                  (no boots)
Stlth    +.........             (no amulet)
HPRegen  0.15/turn              n - ring of flight
MPRegen  0.11/turn              g - ring of positive energy

@: agile
A: negative energy resistance 1, electricity resistance, unbreathing,
petrification resistance, rot immunity, AC +5
a: Minor Destruction, Renounce Religion, Evoke Flight


You were on level 6 of the Dungeon.
You worshipped Makhleb.
Makhleb was pleased with you.
You were not hungry.

You visited 1 branch of the dungeon, and saw 6 of its levels.

You collected 282 gold pieces.

Inventory:

Hand Weapons
 a - a +0 flail
 x - a +2 whip of venom (weapon)
Armour
 b - a +0 scale mail (worn)
 c - a +0 shield (worn)
 h - a scarf of resistance (worn)
 t - a +0 plate armour
Jewellery
 g - a ring of positive energy (right hand)
 n - a ring of flight (left hand)
Wands
 q - a wand of digging (6)
 C - a wand of flame (7)
Scrolls
 e - 4 scrolls of magic mapping
 i - 2 scrolls of blinking
 j - 2 scrolls of immolation {unknown}
 l - a scroll of random uselessness {unknown}
 m - 2 scrolls of teleportation {unknown}
 p - a scroll of enchant armour {unknown}
 r - 3 scrolls of enchant weapon {unknown}
 s - 3 scrolls of amnesia {unknown}
 w - 5 scrolls of remove curse
 y - a scroll of acquirement {unknown}
 G - a scroll of noise {unknown}
Potions
 d - a potion of curing
 k - a potion of flight
 o - 3 potions of mutation
 u - a potion of agility
 v - 2 potions of lignification {unknown}
 z - a potion of degeneration {unknown}
 A - a potion of invisibility {unknown}
 B - a potion of haste {unknown}
 D - a potion of brilliance {unknown}
 E - a potion of cancellation {unknown}
Comestibles
 f - 13 rations


   Skills:
 - Level 3.2 Fighting
 * Level 10.9 Maces & Flails
 - Level 3.2 Armour
 - Level 3.2 Shields


You had 7 spell levels left.
You didn't know any spells.
Your spell library was empty.

Dungeon Overview and Level Annotations

Branches:
Dungeon (6/15)             Temple (0/1) D:5

Altars:
Ashenzari
Cheibriados
Elyvilon
Gozag
Hepliaklqana
Makhleb
Ru
Trog


Innate Abilities, Weirdness & Mutations

You are resistant to torment.
Your stone body is resilient. (AC +5)
You are immune to poison.
You resist negative energy. (rN+)
You are resistant to electric shocks. (rElec)
You can survive without breathing.
You are immune to petrification.
You are immune to rotting.


Message History

There is an open door, spattered with blood here.
A bullfrog skeleton comes into view.
The centaur shoots an arrow.
The arrow hits you.
* * * LOW HITPOINT WARNING * * *
You see here an arrow.
The centaur unwields a +0 shortbow.
The centaur barely misses you.
The centaur hits you but does no damage.
You hit the centaur but do no damage.
The centaur is poisoned.
You closely miss the centaur. The centaur closely misses you.
You hit the centaur but do no damage.
The centaur looks even sicker.
The centaur is lightly wounded.
The centaur hits you.
* * * LOW HITPOINT WARNING * * *
You hit the centaur.
The centaur looks even sicker.
The centaur is moderately wounded.
You block the centaur's attack.
It was a potion of agility.
You feel agile all of a sudden. The centaur hits you.
You die...

...........##
#.>#
###.......##
##.# #.......#
#.# ##### #.#
##..' #.# #..##
#.# #Z8#(# #.#
##c##(##+####.#
#8@.#?#...'.#.#
#.(.+)#..8#...#
##'##$##)####.#
#(8#?#8.# #.#
#..###..# #.#
##..'..## #.#
####### #.# #.#
.#


You could see a centaur and a bullfrog skeleton.

Vanquished Creatures
  Grinder (D:3)
  A shadow (D:6)
  An acid dragon (D:6)
  A phantom (D:4)
  2 ogres
  A centaur (D:5)
  A howler monkey (D:5)
  A crimson imp (D:4)
  A jelly (D:5)
  2 orc priests
  A bullfrog skeleton (D:4)
  2 orc wizards (D:6)
  3 hounds
  An iguana (D:6)
  Crazy Yiuf (D:3)
  Ijyb (D:4)
  7 worker ants
  4 adders
  A shadow imp (D:5)
  An ooze (D:5)
  2 worms
  4 dart slugs
  5 leopard geckos
  13 orcs
  2 ball pythons
  3 giant cockroaches
  15 goblins
  6 hobgoblins
  9 jackals
  7 bats
  7 frilled lizards
  3 kobolds
  A leopard gecko zombie (D:5)
  2 rats (D:1)
113 creatures vanquished.

Notes
Turn   | Place    | Note
-------+----------+-------------------------------------------
     0 | D:1      | Bergy the Gargoyle Fighter began the quest for the Orb.
     0 | D:1      | Reached XP level 1. HP: 14/14 MP: 1/1
   290 | D:1      | Reached XP level 2. HP: 19/19 MP: 2/2
   458 | D:1      | Reached skill level 3 in Maces & Flails
   683 | D:1      | Reached XP level 3. HP: 23/23 MP: 3/3
   989 | D:2      | Found an opulent altar of Gozag.
   991 | D:2      | Found a snail-covered altar of Cheibriados.
   992 | D:2      | Found a shattered altar of Ashenzari.
   992 | D:2      | Found a burning altar of Makhleb.
   993 | D:2      | Found a hazy altar of Hepliaklqana.
  1000 | D:2      | Found a sacrificial altar of Ru.
  1014 | D:2      | Became a worshipper of Makhleb the Destroyer
  1427 | D:2      | Reached skill level 4 in Maces & Flails
  1601 | D:2      | Reached XP level 4. HP: 28/28 MP: 4/4
  2025 | D:3      | Noticed Grinder
  2041 | D:3      | Paralysed by Grinder for 2 turns
  2053 | D:3      | Killed Grinder
  2053 | D:3      | Reached * piety under Makhleb
  2053 | D:3      | Reached skill level 6 in Maces & Flails
  2053 | D:3      | Reached XP level 5. HP: 31/32 MP: 5/5
  2053 | D:3      | Reached XP level 6. HP: 36/37 MP: 6/6
  2111 | D:3      | Found a runed translucent door.
  2112 | D:3      | Noticed Crazy Yiuf
  2439 | D:3      | Found a white marble altar of Elyvilon.
  2459 | D:3      | Reached skill level 7 in Maces & Flails
  2711 | D:3      | You fall into a shaft and drop 3 floors!
  2803 | D:5      | Entered Level 5 of the Dungeon
  2806 | D:5      | Reached XP level 7. HP: 31/41 MP: 7/7
  3007 | D:5      | Found a staircase to the Ecumenical Temple.
  3328 | D:4      | Noticed Ijyb
  3596 | D:3      | Killed Crazy Yiuf
  3596 | D:3      | Reached skill level 8 in Maces & Flails
  3956 | D:3      | Reached ** piety under Makhleb
  3994 | D:4      | Killed Ijyb
  4455 | D:4      | Reached skill level 9 in Maces & Flails
  4709 | D:4      | Reached XP level 8. HP: 46/46 MP: 8/8
  5522 | D:5      | Found a bloodstained altar of Trog.
  5535 | D:5      | Reached skill level 10 in Maces & Flails
  5870 | D:6      | Noticed a shadow
  5897 | D:6      | Killed a shadow
  6143 | D:6      | Slain by a centaur

Levels and vault maps discovered:
D:1:      lemuel_arrival_tunnels, layout_loops_ring
D:2:      layout_basic, grunt_temple_overflow_open, first_ration,
          grunt_ministairs_6
D:3:      layout_loops_ring, elyvilon_altar_3, uniq_grinder,
          uniq_crazy_yiuf_cottage
D:4:      kennysheep_the_goblin_king, layout_layer_cave,
          hangedman_feature_mirror
D:5:      layout_basic, marbit_many_paths, temple_statues
D:6:      minmay_chambers_of_sixes, layout_basic

Skill      XL: |  1  2  3  4  5  6  7  8 |
---------------+-------------------------+-----
Maces & Flails | 3 4 6 7 9 10 | 10.9
Fighting       | |  3.2
Armour         | |  3.2
Shields        | |  3.2

Action                   |  1- 3 |  4- 6 |  7- 9 || total
-------------------------+-------+-------+-------++-------
Melee: Flail             |   146 |    78 |   213 ||   437
       Whip              |       |       |   104 ||   104
  Use: Potion            |       |     1 |     3 ||     4
       Scroll            |       |     2 |     6 ||     8
 Stab: Invisible         |       |       |     1 ||     1
  Eat: Chunk             |     1 |     1 |     5 ||     7
       Ration            |     1 |       |     2 ||     3
Armor: Scale mail        |    69 |    25 |   123 ||   217
Dodge: Dodged            |    48 |    25 |    84 ||   157
Block: Shield            |   106 |    31 |   113 ||   250
